 Dungeon Sprint DCSS version 0.20.1-1-g8b1a95d (webtiles) character file.

20388 KingStallion the Peltast (level 12, -2/157 HPs)
             Began as a Barachi Wanderer on Oct 18, 2017.
             Was the Champion of Makhleb.
             Slain by an electric golem (5 damage)
             ... in the Dungeon (Sprint V: "Ziggurat Sprint").
             The game lasted 00:11:28 (625 turns).

KingStallion the Peltast (Barachi Wanderer)          Turns: 625, Time: 00:11:29

Health: -2/157     AC: 37    Str: 36    XL:     12   Next: 79%
Magic:  30/30      EV: 11    Int: 13    God:    Makhleb [******]
Gold:   0          SH: 34    Dex: 16    Spells: 39/40 levels left

rFire    + + .     SeeInvis .   a - +6 shillelagh "Devastator" {shatter}
rCold    + . .     Gourm    .   P - +18 shield of the Gong {rElec rN+ MR+ EV-5}
rNeg     + . .     Faith    .   O - +15 Maxwell's patent armour {-Cast -Tele rElec MR+ rCorr}
rPois    +         Spirit   .   (no helmet)
rElec    +         Reflect  .   (no cloak)
rCorr    +         Harm     .   U - +5 pair of gloves of Grottiness {rF+}
MR       ++...     NoTele   +   (no boots) Stlth ..........NoCast +
                                F - amulet of rage
Regen    0.4/turn               G - +6 ring of strength
MPRegen  0.3/turn               H - +6 ring of strength

@: agile, berserking, resistant, very quick
A: +LOS, swims, slowness 1, strong legs 1
a: Hop, Minor Destruction, Lesser Servant of Makhleb, Major Destruction, Greater
Servant of Makhleb, Renounce Religion, Evoke Berserk Rage


You were in the Dungeon.
You worshipped Makhleb.
Makhleb was exalted by your worship.
You were not hungry.

You visited 1 branch

Inventory:

Hand Weapons
 a - the +6 shillelagh "Devastator" (weapon) {shatter}
   (You found it in the Dungeon)
 b - a +8 blowgun
 N - the +9 sword of Zonguldrok {reap}
   (You found it in the Dungeon)

   If a monster killed with it leaves a corpse in good enough shape, the corpse
   will be animated as a zombie friendly to the killer.
Missiles
 c - 15 poisoned needles
Armour
 O - the +15 Maxwell's patent armour (worn) {-Cast -Tele rElec MR+ rCorr}
   (You found it in the Dungeon)

   It insulates you from electricity.
   It affects your resistance to hostile enchantments.
   It prevents spellcasting.
   It prevents most forms of teleportation.
   It protects you from acid and corrosion.
 P - the +18 shield of the Gong (worn) {rElec rN+ MR+ EV-5}
   (You found it in the Dungeon)

   It affects your evasion (-5).
   It insulates you from electricity.
   It protects you from negative energy.
   It affects your resistance to hostile enchantments.
 U - the +5 pair of gloves of Grottiness (worn) {rF+}
   (You found it in the Dungeon)

   It protects you from fire.
Jewellery
 E - the amulet "Jiurul" {*Corrode +Blink MR+ Regen+}
   (You found it in the Dungeon)

   [amulet of regeneration]

   It affects your resistance to hostile enchantments.
   It lets you blink.
   It increases your rate of regeneration.
   It may corrode you when you take damage.
 F - an amulet of rage (around neck)
 G - a +6 ring of strength (left hand)
 H - a +6 ring of strength (right hand)
 Q - a +2 ring of strength
Wands
 I - a wand of disintegration (7/24)
 J - a wand of iceblast (5/15)
 K - a wand of lightning (5/15)
 L - a wand of acid (5/15)
Scrolls
 l - 4 scrolls of blinking
 s - 4 scrolls of amnesia
 t - 3 scrolls of recharging
 u - 7 scrolls of fog
 v - a scroll of holy word
 w - 5 scrolls of identify
 x - 5 scrolls of remove curse
 y - 2 scrolls of fear
Potions
 g - 10 potions of curing
 h - 9 potions of heal wounds
 i - 5 potions of haste
 j - 7 potions of magic
 k - 3 potions of berserk rage
 m - 2 potions of brilliance
 n - 2 potions of invisibility
 o - 3 potions of resistance
 q - 5 potions of agility
 r - 5 potions of might
Books
 d - a Young Poisoner's Handbook

   Spells                             Type                      Level
   a - Sting                          Conjuration/Poison           1
   b - Poisonous Vapours              Poison/Air                   2
   c - Mephitic Cloud                 Conjuration/Poison/Air       3
   d - Olgreb's Toxic Radiance        Poison                       4
   e - Venom Bolt                     Conjuration/Poison           5
 D - the Almanac of Exhibitionism

   Spells                             Type                      Level
   a - Flame Tongue                   Conjuration/Fire             1
   b - Ignite Poison                  Fire/Transmutation/Poison    3
 M - a book of Geomancy

   Spells                             Type                      Level
   a - Sandblast                      Earth                        1
   b - Passwall                       Transmutation/Earth          2
   c - Stone Arrow                    Conjuration/Earth            3
   d - Petrify                        Transmutation/Earth          4
   e - Lee's Rapid Deconstruction     Earth                        5
Miscellaneous
 e - a phantom mirror
 B - a lightning rod (4/4)
 C - a fan of gales
 S - a phial of floods
 T - a sack of spiders
Comestibles
 f - 5 bread rations
 z - 42 fruits
 A - 4 meat rations


   Skills:
 * Level 13.1 Fighting
 + Level 1.0 Long Blades
 * Level 14.1 Maces & Flails
 + Level 3.1 Throwing
 * Level 13.0 Armour
 + Level 3.2 Dodging
 + Level 0.8 Stealth
 + Level 15.6 Shields
 + Level 0.9 Unarmed Combat
 * Level 14.8 Spellcasting
 * Level 6.6 Conjurations
   Level 1.1 Hexes
   Level 1.2 Ice Magic
   Level 3.0 Earth Magic
 * Level 7.2 Poison Magic
 * Level 4.9 Invocations
 + Level 2.3 Evocations


You had 39 spell levels left.
You knew the following spells:

 Your Spells              Type           Power        Failure   Level  Hunger
a - Sting                 Conj/Pois      ####         1%          1    None


Dungeon Overview and Level Annotations

Branches:
Dungeon (1/1)

Altars:
Ashenzari
Cheibriados
Dithmenos
Elyvilon
Fedhas
Gozag
Hepliaklqana
Kikubaaqudgha
Makhleb
Nemelex Xobeh
Okawaru
Qazlal
Ru
Sif Muna
Trog
Uskayaw
Vehumet
Xom
Yredelemnul
Zin
The Shining One
Beogh
Jiyva
Lugonu


Innate Abilities, Weirdness & Mutations

Shadows flee at your approach. (+LOS)
You can swim through water.
You cover ground slowly.
You can hop short distances.


Message History

GONNNNG!
You sock the electric golem!
The black draconian shudders.
The electric golem is heavily damaged.
You block the black draconian's attack.
GONNNNG!
The electric golem hurls lightning at you.
The bolt of lightning hits you! You resist.
* * * LOW HITPOINT WARNING * * *
You closely miss the electric golem.
The electric golem is heavily damaged.
You block the moth of wrath's attack.
GONNNNG!
You thump the black draconian!
The black draconian shudders.
The black draconian is heavily wounded. x2
You block the black draconian's attack.
BONNNG!
The electric golem hits you.
* * * LOW HITPOINT WARNING * * *
The electric golem shocks you. You resist.
You die...

▓..[|"[[..▓..)}).|..▓
▓..))):[..▓....|.)..▓
▓.........▓.........▓
▓.........▓.........▓
▓.........▓....)))..▓
▓.........▓....)).).▓
▓.........▓.▓..(((▓.▓
▓.▓)y)d.▓.▓.........▓
▓....@8...▓▓▓▓▓▓▓▓▓▓▓
▓▓▓▓▓▓▓▓▓▓▓


You could see an electric golem, a black draconian (berserk) and a moth of
wrath.

Vanquished Creatures
  An Orb Guardian (D)
  A green draconian (D)
  3 white draconians (D)
  A yellow draconian (D)
  A red draconian (D)
  A black mamba (D)
  5 toenail golems (D)
  A naga mage (D)
  An eye of devastation (D)
  5 merfolk (D)
  A slime creature (D)
  2 hippogriffs (D)
  A tarantella (D)
  3 air elementals (D)
  4 insubstantial wisps (D)
  A naga (D)
  3 water moccasins (D)
  A floating eye (D)
  A necrophage (D)
  2 orc warriors (D)
  An eye of draining (D)
  2 centaurs (D)
  A bullfrog (D)
  3 scorpions (D)
  A jelly (D)
  2 orc priests (D)
  2 iguanas (D)
  4 adders (D)
  An ooze (D)
  2 orcs (D)
  A bat zombie (D)
  2 ball pythons (D)
61 creatures vanquished.

Notes
Turn   | Place    | Note
-------+----------+-------------------------------------------
     0 | D        | KingStallion the Barachi Wanderer began the quest for the Orb.
     0 | D        | KingStallion set off with: a book of Geomancy, the Almanac of Exhibitionism, 15 poisoned needles, a +0 blowgun, a +0 robe, a bread ration, a potion of curing, a potion of heal wounds, a potion of haste, 2 potions of magic, a potion of berserk rage, a scroll of blinking
     0 | D        | Reached XP level 1. HP: 13/13 MP: 3/3
     1 | D        | Found a transporter.
     1 | D        | Found an ancient bone altar of Kikubaaqudgha.
     1 | D        | Found a viscous altar of Jiyva.
     1 | D        | Found a corrupted altar of Lugonu.
     1 | D        | Found a hazy altar of Hepliaklqana.
     1 | D        | Found a burning altar of Makhleb.
     1 | D        | Found an opulent altar of Gozag.
    47 | D        | Identified the Almanac of Exhibitionism
    95 | D        | Became a worshipper of Makhleb the Destroyer
   105 | D        | Entered arena 2.
   105 | D        | Noticed a necrophage
   105 | D        | Found a transporter.
   110 | D        | Killed a necrophage
   110 | D        | Reached skill level 2 in Shields
   110 | D        | Reached XP level 2. HP: 24/24 MP: 3/9
   110 | D        | Reached XP level 3. HP: 29/29 MP: 3/11
   110 | D        | Reached XP level 4. HP: 35/35 MP: 3/12
   116 | D        | Got the ring "Xune" {Ice rElec}
   120 | D        | Entered arena 3.
   120 | D        | Noticed a bullfrog
   120 | D        | Found a transporter.
   123 | D        | Killed a bullfrog
   123 | D        | Reached * piety under Makhleb
   123 | D        | Reached XP level 5. HP: 42/42 MP: 4/15
   123 | D        | Reached skill level 5 in Armour
   128 | D        | Got the amulet "Suyxaant" {Inacc +Fly rC+ rN+ MR+}
   137 | D        | Entered arena 4.
   137 | D        | Noticed a water moccasin
   137 | D        | Noticed a water moccasin
   137 | D        | Found a transporter.
   139 | D        | Reached ** piety under Makhleb
   142 | D        | Killed a water moccasin
   142 | D        | Reached skill level 5 in Fighting
   142 | D        | Reached skill level 3 in Shields
   142 | D        | Reached XP level 6. HP: 51/51 MP: 9/18
   142 | D        | Killed a water moccasin
   142 | D        | Reached skill level 5 in Maces & Flails
   142 | D        | Reached skill level 10 in Spellcasting
   154 | D        | Entered arena 5.
   154 | D        | Noticed a tarantella
   154 | D        | Found a transporter.
   158 | D        | Reached *** piety under Makhleb
   158 | D        | Reached XP level 7. HP: 59/59 MP: 12/20
   159 | D        | Killed a tarantella
   159 | D        | Reached skill level 4 in Shields
   171 | D        | Entered arena 6.
   171 | D        | Noticed a toenail golem
   171 | D        | Noticed a toenail golem
   171 | D        | Noticed a toenail golem
   171 | D        | Noticed a toenail golem
   171 | D        | Noticed a toenail golem
   171 | D        | Found a transporter.
   181 | D        | Killed a toenail golem
   181 | D        | Reached **** piety under Makhleb
   181 | D        | Reached skill level 5 in Shields
   181 | D        | Reached XP level 8. HP: 69/69 MP: 16/23
   182 | D        | Killed a toenail golem
   182 | D        | Reached skill level 1 in Dodging
   183 | D        | Killed a toenail golem
   183 | D        | Reached skill level 6 in Shields
   183 | D        | Reached XP level 9. HP: 77/77 MP: 17/25
   186 | D        | Killed a toenail golem
   187 | D        | Killed a toenail golem
   187 | D        | Reached skill level 10 in Fighting
   187 | D        | Reached skill level 10 in Armour
   187 | D        | Reached skill level 7 in Shields
   193 | D        | Got the amulet "Jiurul" {*Corrode +Blink MR+ Regen+}
   200 | D        | Entered arena 7.
   200 | D        | Noticed an eye of devastation
   200 | D        | Found a transporter.
   202 | D        | Paralysed by a floating eye for 4 turns
   209 | D        | Reached ***** piety under Makhleb
   222 | D        | Killed an eye of devastation
   222 | D        | Reached skill level 10 in Maces & Flails
   222 | D        | Reached skill level 8 in Shields
   352 | D        | Entered arena 8.
   352 | D        | Found a transporter.
   364 | D        | Reached XP level 10. HP: 86/86 MP: 27/27
   401 | D        | Learned a level 1 spell: Sting
   402 | D        | Entered arena 9.
   402 | D        | Found a transporter.
   415 | D        | Reached ****** piety under Makhleb
   424 | D        | Reached skill level 9 in Shields
   483 | D        | Entered arena 10.
   483 | D        | Noticed a black mamba
   483 | D        | Noticed a naga mage
   483 | D        | Found a transporter.
   490 | D        | Killed a black mamba
   490 | D        | Reached skill level 1 in Conjurations
   493 | D        | Killed a naga mage
   493 | D        | Reached skill level 10 in Shields
   512 | D        | Entered arena 11.
   512 | D        | Found a transporter.
   513 | D        | Identified the +6 rapier "Rucyk" {freeze, Stlth+}
   526 | D        | Reached skill level 11 in Shields
   535 | D        | Reached XP level 11. HP: 86/95 MP: 28/28
   557 | D        | Got the +5 pair of gloves of Grottiness {rF+}
   566 | D        | Entered arena 12.
   566 | D        | Noticed a yellow draconian
   566 | D        | Noticed a green draconian
   566 | D        | Noticed an electric golem
   566 | D        | Noticed an Orb Guardian
   566 | D        | Noticed a red draconian
   566 | D        | Noticed a white draconian
   566 | D        | Noticed a white draconian
   566 | D        | Noticed a moth of wrath
   566 | D        | Noticed a black draconian
   566 | D        | Noticed a white draconian
   571 | D        | Reached skill level 1 in Long Blades
   571 | D        | Reached skill level 12 in Shields
   571 | D        | Reached skill level 1 in Invocations
   571 | D        | Reached skill level 1 in Evocations
   571 | D        | Reached XP level 12. HP: 95/102 MP: 28/30
   583 | D        | Killed a white draconian
   583 | D        | Reached skill level 5 in Poison Magic
   594 | D        | Killed a red draconian
   594 | D        | Reached skill level 13 in Shields
   595 | D        | Killed a yellow draconian
   595 | D        | Reached skill level 5 in Conjurations
   596 | D        | Killed a white draconian
   596 | D        | Reached skill level 14 in Shields
   608 | D        | Killed a green draconian
   610 | D        | Killed an Orb Guardian
   610 | D        | Reached skill level 15 in Shields
   612 | D        | Killed a white draconian
   623 | D        | HP: 7/157 [electric golem/bolt of lightning (13)]
   625 | D        | HP: 3/157 [electric golem (4)]
   625 | D        | Slain by an electric golem

Skill      XL: |  1  2  3  4  5  6  7  8  9 10 11 12 |
---------------+-------------------------------------+-----
Fighting       | 3 4 5 6 8 9 10 11 12 13 | 13.1
Maces & Flails | 3 4 5 6 8 10 12 13 14 | 14.1
Armour         | 4 6 7 8 9 10 11 13 | 13.0
Shields        | 2 3 5 6 8 11 12 15 | 15.6
Spellcasting   | 6 7 9 10 11 12 13 14 | 14.8
Throwing       | 2 3 |  3.1
Dodging        | 1 2 3 |  3.2
Conjurations   | 3 6 |  6.6
Poison Magic   | 4 7 |  7.2
Long Blades    | 1 |  1.0
Invocations    | 1 4 |  4.9
Evocations     | 1 2 |  2.3
Stealth        | |  0.8
Unarmed Combat | |  0.9
Hexes          | |  1.1
Ice Magic      | |  1.2
Earth Magic    | |  3.0

Action                   |  1- 3 |  4- 6 |  7- 9 | 10-12 || total
-------------------------+-------+-------+-------+-------++-------
Melee: Shillelagh        |     5 |     9 |    40 |   101 ||   155
 Abil: Evoke Berserk Rag |       |       |       |     1 ||     1
Evoke: Phantom mirror    |       |       |       |     1 ||     1
       Fan of gales      |       |       |       |     1 ||     1
  Use: Scroll            |       |       |       |     8 ||     8
       Potion            |       |       |       |     5 ||     5
Armor: Plate armour      |     6 |     5 |    18 |    65 ||    94
Dodge: Dodged            |       |       |     1 |    18 ||    19
Block: Shield            |    12 |    15 |    38 |   198 ||   263
